 Dungeon Crawl Stone Soup version 0.31.0-12-g77e489cdc1 (webtiles) character file.

Game seed: 17649695077859717231

7520 Peloso the Carver (level 10, -5/93 HPs)
             Began as a Minotaur Fighter on Feb 17, 2024.
             Slain by a boulder beetle (39 damage)
             ... on level 10 of the Dungeon.
             The game lasted 00:18:44 (7572 turns).

Peloso the Carver (Minotaur Fighter)                Turns: 7572, Time: 00:18:45

Health: -5/93      AC: 20    Str: 21    XL:     10   Next: 95%
Magic:  9/9        EV:  7    Int:  5    God:
Gold:   478        SH:  6    Dex: 14    Spells: 9/9 levels left

rFire   . . .        a - +4 scimitar
rCold   + . .        d - +0 buckler
rNeg    . . .        s - +1 plate armour {rC+}
rPois   .            G - +2 hat
rElec   .            (no cloak)
rCorr   .            c - +0 pair of gloves
SInv    .            q - +0 pair of boots
Will    .....        h - amulet of regeneration Stlth
                     (no ring)
HPRegen 1.15/turn    (no ring)
MPRegen 0.11/turn

%: no passive effects
@: no status effects
A: horns 2, retaliatory headbutt
a: no special abilities


You were on level 10 of the Dungeon.
You visited 2 branches of the dungeon, and saw 11 of its levels.

You collected 517 gold pieces.
You spent 39 gold pieces at shops.

Inventory:

Hand Weapons
 a - a +4 scimitar (weapon)
 b - a +1 falchion of flaming
Armour
 c - a +0 pair of gloves (worn)
 d - a +0 buckler (worn)
 q - a +0 pair of boots (worn)
 s - a +1 plate armour of cold resistance (worn)
 G - a +2 hat (worn)
Jewellery
 h - an amulet of regeneration (around neck)
 w - an amulet of the acrobat
 z - a ring of ice
 M - a ring of fire
 O - a +5 ring of evasion
Wands
 x - a wand of paralysis (5)
 C - a wand of iceblast (1)
 J - a wand of light (14)
 L - a wand of flame (14)
Scrolls
 e - 2 scrolls of revelation {unknown}
 f - 3 scrolls of noise {unknown}
 g - 2 scrolls of immolation {unknown}
 i - 2 scrolls of enchant armour {unknown}
 j - 2 scrolls of teleportation
 l - 4 scrolls of acquirement
 n - a scroll of enchant weapon {unknown}
 o - 2 scrolls of poison {unknown}
 p - 2 scrolls of fear {unknown}
 y - a scroll of blinking {unknown}
 H - a scroll of torment {unknown}
 N - a scroll of vulnerability {unknown}
 P - 3 scrolls of identify
Potions
 k - a potion of invisibility
 m - 4 potions of might
 r - 4 potions of enlightenment
 t - 3 potions of curing
 u - 3 potions of brilliance
 v - a potion of heal wounds
 A - 3 potions of ambrosia {unknown}
 B - a potion of haste {unknown}
 D - a potion of magic {unknown}
 E - 3 potions of attraction
 F - 3 potions of degeneration {unknown}
 I - 2 potions of cancellation {unknown}
 K - a potion of mutation {unknown}


   Skills:
 + Level 9.8 Fighting
 + Level 13.1 Long Blades
 + Level 10.1 Armour
 + Level 2.7 Dodging
 + Level 0.3 Stealth
 + Level 8.2 Shields
 + Level 1.0 Evocations


You had 9 spell levels left.
You didn't know any spells.
Your spell library contained the following spells:

 Spells                   Type           Power      Damage    Failure   Level
 Magic Dart               Conj           0%         1d3       100%        1
 Slow                     Hex            0%         N/A       100%        1
 Searing Ray              Conj           0%         2d4       100%        2
 Confusing Touch          Hex            0%         N/A       100%        3
 Sigil of Binding         Hex            0%         N/A       100%        3
 Vampiric Draining        Necr           0%         2d6       100%        3
 Animate Armour           Summ/Erth      0%         N/A       100%        4
 Fulminant Prism          Conj/Alch      0%         3d5       100%        4
 Summon Lightning Spire   Summ/Air       0%         N/A       100%        4
 Iskenderun's Battlesphe  Conj           0%         2d6       100%        5
 Lee's Rapid Deconstruct  Erth           0%         3d4*      100%        5
 Bombard                  Conj/Erth      0%         9d1       100%        6
 Spellforged Servitor     Conj/Summ      0%         N/A       100%        7


Dungeon Overview and Level Annotations

Branches:
Dungeon (10/15)            Temple (1/1) D:7            Lair (0/5) D:9
    Orc: D:9-12

Altars:
Ashenzari
Cheibriados
Dithmenos
Elyvilon
Fedhas
Gozag
Hepliaklqana
Kikubaaqudgha
Makhleb
Nemelex Xobeh
Ru
Sif Muna
Trog
Uskayaw
Vehumet
Wu Jian
Xom
The Shining One

Shops:
D:3 !   D:4 *   D:7 :   D:9 [

Annotations:
D:3 Dig


Innate Abilities, Weirdness & Mutations

You have a pair of horns on your head.
You reflexively headbutt those who attack you in melee.


Message History

The boulder beetle is heavily wounded.
The boulder beetle bites you!
You hit the boulder beetle.
The boulder beetle is severely wounded.
The boulder beetle barely misses you.
You hit the boulder beetle but do no damage.
The boulder beetle is severely wounded.
The boulder beetle bites you.
You slash the boulder beetle!
You headbutt the boulder beetle, but do no damage.
The boulder beetle is severely wounded.
The boulder beetle leaps!
The centaur warrior hits you.
The centaur warrior kicks you but does no damage.
You see here a hydra corpse.
You slash the centaur warrior! You headbutt the centaur warrior.
The centaur warrior is moderately wounded.
The centaur warrior hits you but does no damage.
The centaur warrior kicks you but does no damage.
You block the centaur warrior's attack.
The centaur warrior kicks you but does no damage.
You hit the centaur warrior.
The centaur warrior is moderately wounded.
The boulder beetle curls into a ball and begins rolling!
The centaur warrior hits you but does no damage.
The centaur warrior kicks you but does no damage.
You slash the centaur warrior!
The centaur warrior is moderately wounded.
The centaur warrior hits you but does no damage.
The centaur warrior kicks you but does no damage.
You hit the centaur warrior but do no damage.
The centaur warrior is moderately wounded.
The centaur warrior hits you but does no damage.
The centaur warrior kicks you.
You completely miss the centaur warrior.
The centaur warrior is moderately wounded.
The centaur warrior hits you.
The centaur warrior kicks you but does no damage.
The boulder beetle hits you!!!
You die...

#### #$..#
#.°..
###.°#.#
#cB°..#
#@#..#.#
#.##....
#..# ..?# .
##.######..#
#........##
##>........
#.########
###'####
#......####


You could see a boulder beetle (rolling) and a centaur warrior.

Vanquished Creatures
  A hydra (D:10)
  A two-headed ogre (D:9)
  A tengu conjurer (D:10)
  A troll (D:10)
  Eustachio (D:6)
  7 yaks
  A wyvern (D:9)
  2 steam dragons
  Edmund (D:5)
  3 sky beasts
  A black bear (D:4)
  2 orc warriors
  4 centaurs
  5 kobold brigands
  Blork the orc (D:6)
  2 bullfrogs
  5 scorpions
  12 wights
  6 killer bees
  3 howler monkeys
  2 electric eels (D:6)
  2 bombardier beetles
  2 hounds
  9 orc priests
  3 jellies
  3 gnoll boudas
  3 iguanas
  3 sleepcaps
  Jessica (D:3)
  Natasha (twice) (D:2)
  10 orc wizards
  17 gnolls
  8 adders
  A shadow imp (D:8)
  2 white imps (D:6)
  2 ufetubi (D:5)
  2 dart slugs
  A ribbon worm (D:5)
  34 orcs
  6 endoplasms
  5 giant cockroaches
  9 hobgoblins
  6 jackals
  4 quokkas
  7 ball pythons
  A bat (D:1)
  5 goblins
  27 kobolds
  3 rats
240 creatures vanquished.

Vanquished Creatures (others)
  An orc wizard (D:8)
1 creature vanquished.

Grand Total: 241 creatures vanquished

Notes
Turn   | Place    | Note
-------+----------+-------------------------------------------
     0 | D:1      | Peloso the Minotaur Fighter began the quest for the Orb.
     0 | D:1      | Reached XP level 1. HP: 19/19 MP: 0/0
   172 | D:1      | Reached XP level 2. HP: 27/27 MP: 1/1
   254 | D:1      | Reached skill level 1 in Dodging
   769 | D:2      | Identified the +2 helmet of Nusig {rElec rN+++ Str-4 Dex-5}
   898 | D:2      | Reached skill level 3 in Long Blades
   898 | D:2      | Reached XP level 3. HP: 33/33 MP: 2/2
  1094 | D:2      | Found a faded altar of an unknown god.
  1197 | D:2      | Noticed Natasha
  1206 | D:2      | Killed Natasha
  1288 | D:2      | Reached XP level 4. HP: 36/40 MP: 3/3
  1489 | D:2      | Noticed Natasha
  1498 | D:2      | Killed Natasha
  1664 | D:2      | Identified 3 scrolls of acquirement
  1719 | D:3      | Reached skill level 4 in Long Blades
  1736 | D:3      | You fall into a shaft and drop 1 floor!
  1764 | D:4      | Reached XP level 5. HP: 45/46 MP: 4/4
  2003 | D:4      | Reached skill level 5 in Armour
  2103 | D:4      | Found Nupnaek's General Store.
  2134 | D:4      | Noticed a black bear
  2157 | D:4      | Reached skill level 5 in Long Blades
  2157 | D:4      | Reached XP level 6. HP: 41/53 MP: 5/5
  2583 | D:4      | Reached skill level 6 in Long Blades
  2624 | D:3      | Found Kyt Avvyi's Distillery.
  2638 | D:3      | Bought a potion of curing for 39 gold pieces
  2978 | D:3      | Noticed Jessica
  2991 | D:3      | Killed Jessica
  2992 | D:3      | Reached XP level 7. HP: 60/60 MP: 6/6
  3542 | D:5      | Entered Level 5 of the Dungeon
  3709 | D:5      | Noticed Edmund
  3736 | D:5      | Killed Edmund
  3737 | D:5      | Reached skill level 5 in Fighting
  3737 | D:5      | Reached skill level 5 in Shields
  4064 | D:5      | Reached skill level 7 in Long Blades
  4118 | D:5      | Reached XP level 8. HP: 40/69 MP: 7/7
  4597 | D:6      | Reached skill level 8 in Long Blades
  4631 | D:6      | Noticed Blork the orc
  4646 | D:6      | Killed Blork the orc
  4746 | D:6      | Reached skill level 9 in Long Blades
  4761 | D:6      | Reached XP level 9. HP: 77/79 MP: 8/8
  4852 | D:6      | Noticed Eustachio
  4870 | D:6      | Killed Eustachio
  4871 | D:6      | Reached skill level 10 in Long Blades
  5449 | D:7      | Found a staircase to the Ecumenical Temple.
  5471 | Temple   | Entered the Ecumenical Temple
  5664 | D:7      | Reached skill level 1 in Evocations
  5735 | D:7      | Reached skill level 11 in Long Blades
  5836 | D:7      | Found Edeeziwk's Book Shoppe.
  6221 | D:7      | Reached XP level 10. HP: 17/90 MP: 9/9
  6775 | D:9      | Found Neanoif's Antique Armour Shoppe.
  6858 | D:9      | Reached skill level 12 in Long Blades
  6885 | D:9      | Identified the +6 sling of Xikedo {freeze, ^Fragile rElec
                  | SInv}
  6911 | D:9      | Noticed a two-headed ogre
  6937 | D:9      | Killed a two-headed ogre
  7115 | D:9      | Found a staircase to the Lair.
  7403 | D:10     | Entered Level 10 of the Dungeon
  7531 | D:10     | Noticed a five-headed hydra
  7544 | D:10     | Killed a one-headed hydra
  7545 | D:10     | Reached skill level 13 in Long Blades
  7545 | D:10     | Reached skill level 10 in Armour
  7551 | D:10     | Noticed a boulder beetle
  7554 | D:10     | Noticed a centaur warrior
  7572 | D:10     | Slain by a boulder beetle

Illustrated notes

Levels and vault maps discovered:
D:1:      dpeg_arrival_tiny_c, layout_loops_ring
D:2:      layout_loops_corners, hellmonk_ecumenical_altar_run_dry, uniq_natasha
D:3:      layout_basic, serial_shops, shop, grunt_ministairs_4,
          lightli_corner_chamber, uniq_jessica
D:4:      layout_basic, serial_shops, shop, minmay_gold_behind_fungi,
          nicolae_elevator_lobby_plus
D:5:      minmay_evil_eye, layout_basic, nicolae_tricolors, uniq_edmund
D:6:      layout_basic, serial_glass, glass_columns_b, glass_columns_c,
          kennysheep_boxes, uniq_blork_the_orc, uniq_eustachio
D:7:      layout_gridville, minmay_temple_entry_trees, serial_shops, shop
D:8:      layout_cave_pools, kennysheep_generic_room_11
D:9:      minmay_weird_star, layout_rooms, lair_entry_dummy, serial_shops,
          nicolae_shop_tiny_glass, supply_closet_lemuel,
          chequers_serial_rivers_small_a
D:10:     minmay_bloctagon_deflated, layout_basic,
          nicolae_overflow_macrodata_refinement
Temple:   eino_narrow_crystal_temple

Skill      XL: |  1  2  3  4  5  6  7  8  9 10 |
---------------+-------------------------------+-----
Dodging        | 1 2 |  2.7
Shields        | 4 5 6 8 |  8.2
Long Blades    | 3 4 5 6 7 9 11 13 | 13.1
Fighting       | 4 5 7 8 9 |  9.8
Armour         | 4 5 6 8 10 | 10.1
Evocations     | 1 |  1.0
Stealth        | |  0.3

Action                     |  1- 3 |  4- 6 |  7- 9 | 10-12 || total
---------------------------+-------+-------+-------+-------++-------
  Melee: Long sword        |    91 |   146 |   176 |       ||   413
         Headbutt          |    12 |    18 |    86 |    39 ||   155
         Scimitar          |       |       |   203 |   173 ||   376
         Falchion          |       |       |       |     9 ||     9
  Evoke: Wand              |       |       |     3 |       ||     3
    Use: Potion            |     2 |       |     3 |       ||     5
         Scroll            |       |     2 |     1 |     3 ||     6
 Armour: Scale mail        |    84 |   100 |       |       ||   184
         Plate armour      |       |    15 |   363 |   201 ||   579
  Dodge: Dodged            |    31 |    65 |   121 |    64 ||   281
  Block: Buckler           |    20 |    32 |   103 |    68 ||   223
